Blue Jackets vs Lightning
Created - April 13, 2021 at 19:01
Goals
|
| Blue Jackets |
1 |
1 |
0 |
2 |
| Lightning |
1 |
2 |
1 |
4 |
|
Shots
|
| Blue Jackets |
11 |
11 |
10 |
32 |
| Lightning |
17 |
9 |
9 |
35 |
|
1st period
1. Lightning , Alexander Wennberg 9 (Bobby Ryan 15, Sam Gagner 27) at 8:51 (PP)
2. Blue Jackets , Artemi Panarin 47 (Tyler Seguin 58) at 15:44
Penalties :
Tyler Seguin (Clb) for Hooking (Minor) at 1:44, Jesper Fast (TB.) for Hooking (Minor) at 4:10, Cam Fowler (Clb) for Hooking (Minor) at 8:14
2nd period
3. Blue Jackets , Max Pacioretty 16 (Cody Hodgson 29, Pavel Datsyuk 19) at 13:29
4. Lightning , Bobby Ryan 19 (Justin Schultz 27) at 13:45
5. Lightning , Rickard Rakell 14 (Sam Gagner 28, Ben Lovejoy 11) at 17:07
Penalties :
Martin Havlat (Clb) for Boarding (Minor) at 6:05, Tyler Seguin (Clb) for Hooking (Minor) at 6:18
3rd period
6. Lightning , Ben Lovejoy 5 (Sergei Shirokov 17, Philipp Grubauer) at 13:05
Penalties :
Brent Seabrook (TB.) for Tripping (Minor) at 7:13, Stephen Weiss (TB.) for Hooking (Minor) at 9:43, Mike Lundin (Clb) for Roughing (Minor) at 13:18
Goalie Stats
Rick DiPietro (Clb), 31 saves from 35 shots - (0.886), L, 19-23-3, 60:00 minutes
Philipp Grubauer (TB.), 30 saves from 32 shots - (0.938), W, 35-22-5, 60:00 minutes
Players Stats for Blue Jackets
Player Name G A P +/- PIM S H SB GA TA FO MP PP MP PK MP
------------------------------------------------------------------------------------
Andreas Nodl 0 0 0 0 0 1 0 0 1 0 0/0 7:33 0:05 0:00
Artemi Panarin 1 0 1 -1 0 6 1 1 1 1 0/0 21:08 3:06 2:47
Brandon Bollig 0 0 0 0 0 0 1 0 1 0 0/0 7:15 0:00 0:00
Branislav Mezei 0 0 0 0 0 0 0 2 1 0 0/0 13:32 0:00 0:30
Cam Fowler 0 0 0 -2 2 2 1 2 0 2 0/0 25:41 3:20 3:24
Christian Hanson 0 0 0 0 0 0 1 0 0 0 1/3 9:28 0:00 1:49
Cody Hodgson 0 1 1 0 0 1 1 0 1 0 6/8 17:45 2:46 1:10
Dalton Prout 0 0 0 1 0 0 0 1 0 1 0/0 20:40 2:37 2:46
Devin Setoguchi 0 0 0 -1 0 4 3 0 0 0 0/1 18:10 3:06 0:00
Eric Wellwood 0 0 0 0 0 5 2 0 1 0 0/2 13:40 0:00 2:45
Martin Havlat 0 0 0 0 2 1 1 1 0 0 0/1 16:35 2:46 0:01
Max Pacioretty 1 0 1 0 0 4 2 0 0 0 1/2 18:01 2:46 1:26
Mike Lundin 0 0 0 -2 2 0 2 2 0 1 0/0 25:07 3:20 2:50
Pavel Datsyuk 0 1 1 0 0 1 1 0 0 0 2/8 10:49 0:05 0:12
Rob Scuderi 0 0 0 1 0 0 1 0 0 0 0/0 20:29 2:37 2:35
Ryan Wilson 0 0 0 0 0 1 0 2 0 0 0/0 14:30 0:00 1:29
Tyler Kennedy 0 0 0 0 0 3 1 0 0 0 0/0 10:37 0:05 0:00
Tyler Seguin 0 1 1 -1 4 3 1 0 1 0 20/35 20:22 3:06 1:37
Players Stats for Lightning
Player Name G A P +/- PIM S H SB GA TA FO MP PP MP PK MP
------------------------------------------------------------------------------------
Alex Killorn 0 0 0 -1 0 0 4 0 0 0 0/0 8:35 0:00 0:00
Alexander Wennberg 1 0 1 1 0 3 0 0 0 0 3/4 14:41 3:06 0:00
Ben Lovejoy 1 1 2 1 0 2 1 1 0 2 0/0 18:55 0:00 2:49
Bobby Ryan 1 1 2 1 0 2 2 1 1 0 2/2 20:47 3:06 1:50
Brent Seabrook 0 0 0 0 2 3 1 2 0 2 0/0 27:07 4:21 2:09
Brian Flynn 0 0 0 -1 0 3 2 0 0 0 2/5 9:29 0:00 0:29
Jesper Fast 0 0 0 -1 2 0 0 2 0 0 0/0 9:03 0:00 0:00
Jon Merrill 0 0 0 1 0 0 2 0 0 1 0/0 18:36 0:00 2:35
Joni Pitkanen 0 0 0 0 0 1 1 1 0 1 0/0 13:03 2:26 0:00
Justin Schultz 0 1 1 0 0 0 2 2 0 0 0/0 26:14 4:21 3:15
Kyle Clifford 0 0 0 1 0 3 3 0 3 0 0/0 21:48 3:41 2:54
Mark Scheifele 0 0 0 1 0 4 1 2 1 1 18/39 22:11 3:41 3:00
Ondrej Palat 0 0 0 0 0 2 0 1 0 0 0/0 12:31 0:00 1:07
Rickard Rakell 1 0 1 1 0 5 0 0 0 0 1/1 17:10 3:41 1:18
Sam Gagner 0 2 2 1 0 5 1 0 0 0 0/0 14:41 3:06 0:00
Sergei Shirokov 0 1 1 0 0 1 1 1 0 0 0/1 10:37 0:00 0:00
Shayne Gostisbehere 0 0 0 0 0 0 3 1 0 0 0/0 16:09 2:26 1:06
Stephen Weiss 0 0 0 0 2 1 0 0 0 0 4/8 12:23 0:00 1:16
3 Stars
1 - Bobby Ryan (TB.)
2 - Ben Lovejoy (TB.)
3 - Sam Gagner (TB.)
Power Play
Blue Jackets - 0 on 3 Attempt(s) - 0.00%
Lightning - 1 on 5 Attempt(s) - 20.00%
Penalty Kill
Blue Jackets - 4 on 5 Attempt(s) - 80.00%
- Score 0 goal in Penalty Kill
Lightning - 3 on 3 Attempt(s) - 100.00%
- Score 0 goal in Penalty Kill
Team Stat
Blue Jackets - Hits : 19 - Faceoff Wins : 30 - Blocked Shots : 11 - Penalty Minutes : 10
Lightning - Hits : 24 - Faceoff Wins : 30 - Blocked Shots : 14 - Penalty Minutes : 6
Official
Referees : Unknown
Linesman : Unknown
Game Notes
No Game Note
Finance
Level 1 -- Attendance: 5121 (85.35%) -- Ticket Income $588,915
Level 2 -- Attendance: 5000 (100.00%) -- Ticket Income $320,000
Level 3 -- Attendance: 1636 (81.80%) -- Ticket Income $71,984
Level 4 -- Attendance: 2574 (64.35%) -- Ticket Income $102,960
Luxury Box -- Attendance: 733 (73.30%) -- Ticket Income $157,595
Game was played at the Tampa Bay Stadium.
Total Attendance: 15064 (83.69%)
Total Ticket Income: $1,241,454
Other Income: $186,218
Total Income: $1,427,672
Blue Jackets
5 vs 5 Forward
Center Left Wing Right Wing Time % Phy DF OF
1 Tyler Seguin Artemi Panarin Devin Setoguchi 40 1 2 2
2 Cody Hodgson Max Pacioretty Martin Havlat 30 1 2 2
3 Pavel Datsyuk Eric Wellwood Tyler Kennedy 20 1 2 2
4 Christian Hanson Brandon Bollig Andreas Nodl 10 1 2 2
5 vs 5 Defense
Defense Defense Time % Phy DF OF
1 Cam Fowler Mike Lundin 40 1 2 2
2 Dalton Prout Rob Scuderi 30 1 2 2
3 Branislav Mezei Ryan Wilson 20 1 2 2
4 Cam Fowler Mike Lundin 10 1 2 2
PowerPlay Forward
Center Left Wing Right Wing Time % Phy DF OF
1 Tyler Seguin Artemi Panarin Devin Setoguchi 60 1 2 2
2 Cody Hodgson Max Pacioretty Martin Havlat 40 1 2 2
PowerPlay Defense
Defense Defense Time % Phy DF OF
1 Cam Fowler Mike Lundin 60 1 2 2
2 Dalton Prout Rob Scuderi 40 1 2 2
Penalty Kill 4 Players Forward
Center Wing Time % Phy DF OF
1 Tyler Seguin Artemi Panarin 60 1 2 2
2 Max Pacioretty Cody Hodgson 40 1 2 2
Penalty Kill 4 Players Defense
Defense Defense Time % Phy DF OF
1 Cam Fowler Mike Lundin 60 1 2 2
2 Dalton Prout Rob Scuderi 40 1 2 2
Penalty Kill - 3 Players Forward
Forward Time % Phy DF OF
1 Tyler Seguin 60 1 2 2
2 Artemi Panarin 40 1 2 2
Penalty Kill - 3 Players Defense
Defense Defense Time % Phy DF OF
1 Cam Fowler Mike Lundin 60 1 2 2
2 Dalton Prout Rob Scuderi 40 1 2 2
4 vs 4 Forward
Center Wing Time % Phy DF OF
1 Tyler Seguin Artemi Panarin 60 1 2 2
2 Max Pacioretty Cody Hodgson 40 1 2 2
4 vs 4 Defense
Defense Defense Time % Phy DF OF
1 Cam Fowler Mike Lundin 60 1 2 2
2 Dalton Prout Rob Scuderi 40 1 2 2
Last Minutes Offensive
Center Left Wing Right Wing Defense Defense
Tyler Seguin Artemi Panarin Devin Setoguchi Cam Fowler Mike Lundin
Last Minutes Defensive
Center Left Wing Right Wing Defense Defense
Tyler Seguin Artemi Panarin Devin Setoguchi Cam Fowler Mike Lundin
Goaltenders
Starting : Rick DiPietro
Backup : Thomas Greiss
Extra Forwards
Normal : Pavel Datsyuk, Tyler Kennedy, Eric Wellwood - PP : Pavel Datsyuk, Tyler Kennedy - PK : Eric Wellwood
Extra Defensemen
Normal : Branislav Mezei, Ryan Wilson, Dalton Prout - PP : Branislav Mezei - PK : Ryan Wilson, Dalton Prout
Penalty Shots
Tyler Seguin, Artemi Panarin, Max Pacioretty, Cody Hodgson, Devin Setoguchi
Scratches
Anthony Stewart (Healthy), Dennis Wideman (Healthy), Timothy Kunes (Healthy), Andrei Vasilevskiy (Healthy)
Lightning
5 vs 5 Forward
Center Left Wing Right Wing Time % Phy DF OF
1 Mark Scheifele Kyle Clifford Bobby Ryan 40 1 1 3
2 Alexander Wennberg Sam Gagner Rickard Rakell 30 1 1 3
3 Stephen Weiss Ondrej Palat Sergei Shirokov 20 1 2 2
4 Brian Flynn Alex Killorn Jesper Fast 10 1 2 2
5 vs 5 Defense
Defense Defense Time % Phy DF OF
1 Brent Seabrook Justin Schultz 40 1 2 2
2 Ben Lovejoy Jon Merrill 30 1 2 2
3 Joni Pitkanen Shayne Gostisbehere 20 1 2 2
4 Brent Seabrook Shayne Gostisbehere 10 1 2 2
PowerPlay Forward
Center Left Wing Right Wing Time % Phy DF OF
1 Mark Scheifele Kyle Clifford Rickard Rakell 60 0 1 4
2 Alexander Wennberg Sam Gagner Bobby Ryan 40 1 0 4
PowerPlay Defense
Defense Defense Time % Phy DF OF
1 Brent Seabrook Justin Schultz 60 1 1 3
2 Joni Pitkanen Shayne Gostisbehere 40 1 1 3
Penalty Kill 4 Players Forward
Center Wing Time % Phy DF OF
1 Mark Scheifele Kyle Clifford 60 1 3 1
2 Stephen Weiss Bobby Ryan 40 1 3 1
Penalty Kill 4 Players Defense
Defense Defense Time % Phy DF OF
1 Brent Seabrook Justin Schultz 60 1 2 2
2 Ben Lovejoy Jon Merrill 40 1 2 2
Penalty Kill - 3 Players Forward
Forward Time % Phy DF OF
1 Mark Scheifele 60 1 3 1
2 Bobby Ryan 40 1 3 1
Penalty Kill - 3 Players Defense
Defense Defense Time % Phy DF OF
1 Brent Seabrook Justin Schultz 60 1 2 2
2 Ben Lovejoy Jon Merrill 40 1 2 2
4 vs 4 Forward
Center Wing Time % Phy DF OF
1 Mark Scheifele Kyle Clifford 60 1 1 3
2 Alexander Wennberg Bobby Ryan 40 1 1 3
4 vs 4 Defense
Defense Defense Time % Phy DF OF
1 Brent Seabrook Justin Schultz 60 1 2 2
2 Ben Lovejoy Jon Merrill 40 1 2 2
Last Minutes Offensive
Center Left Wing Right Wing Defense Defense
Mark Scheifele Kyle Clifford Bobby Ryan Brent Seabrook Justin Schultz
Last Minutes Defensive
Center Left Wing Right Wing Defense Defense
Mark Scheifele Kyle Clifford Bobby Ryan Brent Seabrook Justin Schultz
Goaltenders
Starting : Philipp Grubauer
Backup : Jhonas Enroth
Extra Forwards
Normal : Jesper Fast, Brian Flynn, Rickard Rakell - PP : Sergei Shirokov, Brian Flynn - PK : Rickard Rakell
Extra Defensemen
Normal : Joni Pitkanen, Shayne Gostisbehere, Justin Schultz - PP : Joni Pitkanen - PK : Shayne Gostisbehere, Brent Seabrook
Penalty Shots
Kyle Clifford, Bobby Ryan, Mark Scheifele, Sergei Shirokov, Sam Gagner
Scratches
Kevin Marshall (Healthy), Spencer Machacek (Healthy)
% Time on Ice - Blue Jackets
Lines # - Real PCT - Wanted PCT - Time Play
Normal Forward
1 - 34% - 40% - 16:03
2 - 29% - 30% - 13:49
3 - 21% - 20% - 10:09
4 - 15% - 10% - 7:15
Normal Defense
1 - 36% - 40% - 17:08
2 - 32% - 30% - 15:17
3 - 28% - 20% - 13:01
4 - 4% - 10% - 1:50
PP Forward
1 - 54% - 60% - 3:11
2 - 46% - 40% - 2:46
PP Defense
1 - 56% - 60% - 3:20
2 - 44% - 40% - 2:37
PK Forward
1 - 77% - 60% - 3:51
2 - 23% - 40% - 1:10
PK Defense
1 - 65% - 60% - 3:17
2 - 35% - 40% - 1:44
PK3 Forward
1 - 100% - 60% - 1:46
2 - 0% - 40% - 0:00
PK3 Defense
1 - 52% - 60% - 0:55
2 - 48% - 40% - 0:51
44 Forward
1 - 0% - 60%
2 - 0% - 40%
44 Defense
1 - 0% - 60%
2 - 0% - 40%
Last Minute Offensive - 0:00
Last Minute Defensive - 0:00
Total
Forward - 60:00
Defense - 60:00
|
% Time on Ice - Lightning
Lines # - Real PCT - Wanted PCT - Time Play
Normal Forward
1 - 34% - 40% - 16:01
2 - 26% - 30% - 12:26
3 - 22% - 20% - 10:14
4 - 18% - 10% - 8:35
Normal Defense
1 - 40% - 40% - 18:43
2 - 35% - 30% - 16:30
3 - 21% - 20% - 10:08
4 - 4% - 10% - 1:55
PP Forward
1 - 54% - 60% - 3:41
2 - 46% - 40% - 3:06
PP Defense
1 - 64% - 60% - 4:21
2 - 36% - 40% - 2:26
PK Forward
1 - 69% - 60% - 4:07
2 - 31% - 40% - 1:50
PK Defense
1 - 57% - 60% - 3:22
2 - 43% - 40% - 2:35
PK3 Forward
1 - 0% - 60%
2 - 0% - 40%
PK3 Defense
1 - 0% - 60%
2 - 0% - 40%
44 Forward
1 - 0% - 60%
2 - 0% - 40%
44 Defense
1 - 0% - 60%
2 - 0% - 40%
Last Minute Offensive - 0:00
Last Minute Defensive - 0:00
Total
Forward - 60:00
Defense - 60:00
|
Play-by-Play
1st period
0:01 of 1st period - Mark Scheifele wins face-off versus Tyler Seguin in neutral zone.
1:06 of 1st period - Wrist shot by Sam Gagner.
1:06 of 1st period - Shot Misses the Net.
1:25 of 1st period - Wrist shot by Alexander Wennberg.
1:25 of 1st period - Stopped by Rick DiPietro with a rebound.
1:27 of 1st period - Snap shot by Ben Lovejoy.
1:27 of 1st period - Deflect By Sam Gagner.
1:27 of 1st period - Stopped by Rick DiPietro without a rebound.
1:28 of 1st period - Stephen Weiss wins face-off versus Pavel Datsyuk in Blue Jackets zone.
1:41 of 1st period - Snap shot by Sergei Shirokov.
1:41 of 1st period - Stopped by Rick DiPietro without a rebound.
1:42 of 1st period - Tyler Seguin wins face-off versus Mark Scheifele in Blue Jackets zone.
1:44 of 1st period - Minor Penalty to Tyler Seguin for Hooking.
1:45 of 1st period - Mark Scheifele wins face-off versus Eric Wellwood in Blue Jackets zone.
1:45 of 1st period - Slapshot by Kyle Clifford.
1:45 of 1st period - Stopped by Rick DiPietro with a rebound.
3:25 of 1st period - Rickard Rakell is hit by Mike Lundin and loses puck.
3:44 of 1st period - Penalty to Tyler Seguin is over, Tyler Seguin is back on ice.
4:01 of 1st period - Wrist shot by Eric Wellwood.
4:01 of 1st period - Stopped by Philipp Grubauer with a rebound.
4:07 of 1st period - Slapshot by Eric Wellwood.
4:07 of 1st period - Stopped by Philipp Grubauer without a rebound.
4:08 of 1st period - Brian Flynn wins face-off versus Max Pacioretty in Lightning zone.
4:10 of 1st period - Minor Penalty to Jesper Fast for Hooking.
4:11 of 1st period - Mark Scheifele wins face-off versus Tyler Seguin in Lightning zone.
4:37 of 1st period - Ben Lovejoy is hit by Mike Lundin and loses puck.
4:58 of 1st period - Artemi Panarin is hit by Jon Merrill and loses puck.
5:55 of 1st period - Cody Hodgson is hit by Bobby Ryan and loses puck.
6:10 of 1st period - Penalty to Jesper Fast is over, Jesper Fast is back on ice.
6:32 of 1st period - Wrist shot by Stephen Weiss.
6:32 of 1st period - Stopped by Rick DiPietro with a rebound.
6:34 of 1st period - Snap shot by Bobby Ryan.
6:34 of 1st period - Shot Blocked by Mike Lundin.
6:36 of 1st period - Snap shot by Jesper Fast.
6:36 of 1st period - Shot Misses the Net.
6:38 of 1st period - Slapshot by Stephen Weiss.
6:38 of 1st period - Deflect By Bobby Ryan.
6:38 of 1st period - Shot Misses the Net.
6:38 of 1st period - Puck is out of play.
6:39 of 1st period - Rickard Rakell wins face-off versus Pavel Datsyuk in Blue Jackets zone.
6:40 of 1st period - Snap shot by Sam Gagner.
6:40 of 1st period - Stopped by Rick DiPietro with a rebound.
6:42 of 1st period - Snap shot by Rickard Rakell.
6:42 of 1st period - Stopped by Rick DiPietro with a rebound.
6:44 of 1st period - Snap shot by Rickard Rakell.
6:44 of 1st period - Deflect By Sam Gagner.
6:44 of 1st period - Stopped by Rick DiPietro with a rebound.
6:46 of 1st period - Wrist shot by Alexander Wennberg.
6:46 of 1st period - Deflect By Sam Gagner.
6:46 of 1st period - Shot Blocked by Dalton Prout.
6:46 of 1st period - Puck is out of play.
6:47 of 1st period - Alexander Wennberg wins face-off versus Pavel Datsyuk in Blue Jackets zone.
6:54 of 1st period - Wrist shot by Rickard Rakell.
6:54 of 1st period - Stopped by Rick DiPietro without a rebound.
6:55 of 1st period - Mark Scheifele wins face-off versus Tyler Seguin in Blue Jackets zone.
7:46 of 1st period - Joni Pitkanen is hit by Eric Wellwood and loses puck.
8:11 of 1st period - Wrist shot by Mark Scheifele.
8:11 of 1st period - Stopped by Rick DiPietro without a rebound.
8:12 of 1st period - Christian Hanson wins face-off versus Mark Scheifele in Blue Jackets zone.
8:14 of 1st period - Minor Penalty to Cam Fowler for Hooking.
8:15 of 1st period - Tyler Seguin wins face-off versus Mark Scheifele in Blue Jackets zone.
8:51 of 1st period - Wrist shot by Alexander Wennberg.
8:51 of 1st period - Goal by Alexander Wennberg - Blue Jackets : 0 - Lightning : 1.
8:52 of 1st period - Bobby Ryan wins face-off versus Tyler Seguin in neutral zone.
9:03 of 1st period - Wrist shot by Mark Scheifele.
9:03 of 1st period - Stopped by Rick DiPietro without a rebound.
9:04 of 1st period - Tyler Seguin wins face-off versus Mark Scheifele in Blue Jackets zone.
9:09 of 1st period - Snap shot by Devin Setoguchi.
9:09 of 1st period - Stopped by Philipp Grubauer with a rebound.
9:11 of 1st period - Snap shot by Cam Fowler.
9:11 of 1st period - Deflect By Artemi Panarin.
9:11 of 1st period - Shot Blocked by Justin Schultz.
9:11 of 1st period - Puck is out of play.
9:12 of 1st period - Tyler Seguin wins face-off versus Mark Scheifele in Lightning zone.
9:27 of 1st period - Artemi Panarin is hit by Kyle Clifford and loses puck.
9:52 of 1st period - Snap shot by Tyler Seguin.
9:52 of 1st period - Stopped by Philipp Grubauer with a rebound.
9:54 of 1st period - Wrist shot by Devin Setoguchi.
9:54 of 1st period - Deflect By Kyle Clifford.
9:54 of 1st period - Stopped by Philipp Grubauer without a rebound.
9:55 of 1st period - Stephen Weiss wins face-off versus Cody Hodgson in Lightning zone.
10:55 of 1st period - Wrist shot by Christian Hanson.
10:55 of 1st period - Shot Misses the Net.
11:04 of 1st period - Icing by Kyle Clifford.
11:05 of 1st period - Tyler Seguin wins face-off versus Stephen Weiss in Lightning zone.
11:12 of 1st period - Slapshot by Artemi Panarin.
11:12 of 1st period - Deflect By Sergei Shirokov.
11:12 of 1st period - Stopped by Philipp Grubauer without a rebound.
11:13 of 1st period - Max Pacioretty wins face-off versus Mark Scheifele in Lightning zone.
11:22 of 1st period - Wrist shot by Cody Hodgson.
11:22 of 1st period - Shot Hit the Post.
11:24 of 1st period - Snap shot by Cam Fowler.
11:24 of 1st period - Stopped by Philipp Grubauer without a rebound.
11:25 of 1st period - Mark Scheifele wins face-off versus Cody Hodgson in Lightning zone.
11:25 of 1st period - Mark Scheifele is hit by Max Pacioretty.
12:23 of 1st period - Slapshot by Pavel Datsyuk.
12:23 of 1st period - Shot Misses the Net.
12:25 of 1st period - Wrist shot by Tyler Kennedy.
12:25 of 1st period - Shot Blocked by Ben Lovejoy.
12:35 of 1st period - Brandon Bollig is hit by Alex Killorn and loses puck.
13:14 of 1st period - Tyler Seguin is hit by Sergei Shirokov and loses puck.
14:23 of 1st period - Wrist shot by Artemi Panarin.
14:23 of 1st period - Shot Blocked by Mark Scheifele.
14:59 of 1st period - Shayne Gostisbehere is hit by Brandon Bollig and loses puck.
15:10 of 1st period - Snap shot by Rickard Rakell.
15:10 of 1st period - Stopped by Rick DiPietro with a rebound.
15:42 of 1st period - Slapshot by Tyler Seguin.
15:42 of 1st period - Stopped by Philipp Grubauer without a rebound.
15:43 of 1st period - Tyler Seguin wins face-off versus Brian Flynn in Lightning zone.
15:44 of 1st period - Wrist shot by Artemi Panarin.
15:44 of 1st period - Goal by Artemi Panarin - Blue Jackets : 1 - Lightning : 1.
15:45 of 1st period - Tyler Seguin wins face-off versus Mark Scheifele in neutral zone.
16:12 of 1st period - Martin Havlat is hit by Justin Schultz and loses puck.
16:35 of 1st period - Snap shot by Tyler Kennedy.
16:35 of 1st period - Shot Misses the Net.
16:37 of 1st period - Snap shot by Eric Wellwood.
16:37 of 1st period - Deflect By Sergei Shirokov.
16:37 of 1st period - Stopped by Philipp Grubauer without a rebound.
16:38 of 1st period - Mark Scheifele wins face-off versus Tyler Seguin in Lightning zone.
17:15 of 1st period - Wrist shot by Rickard Rakell.
17:15 of 1st period - Shot Misses the Net.
17:17 of 1st period - Slapshot by Rickard Rakell.
17:17 of 1st period - Stopped by Rick DiPietro with a rebound.
17:30 of 1st period - Icing by Ben Lovejoy.
17:31 of 1st period - Pavel Datsyuk wins face-off versus Stephen Weiss in Lightning zone.
17:38 of 1st period - Snap shot by Tyler Kennedy.
17:38 of 1st period - Shot Misses the Net.
17:42 of 1st period - Backhand shot by Eric Wellwood.
17:42 of 1st period - Shot Blocked by Sergei Shirokov.
17:44 of 1st period - Snap shot by Tyler Kennedy.
17:44 of 1st period - Stopped by Philipp Grubauer without a rebound.
17:45 of 1st period - Mark Scheifele wins face-off versus Tyler Seguin in Lightning zone.
17:45 of 1st period - Mark Scheifele is hit by Rob Scuderi.
18:33 of 1st period - Tyler Kennedy is hit by Alex Killorn and loses puck.
18:56 of 1st period - Ondrej Palat is hit by Christian Hanson and loses puck.
19:21 of 1st period - Wrist shot by Bobby Ryan.
19:21 of 1st period - Stopped by Rick DiPietro with a rebound.
19:23 of 1st period - Slapshot by Brent Seabrook.
19:23 of 1st period - Stopped by Rick DiPietro with a rebound.
19:25 of 1st period - Snap shot by Mark Scheifele.
19:25 of 1st period - Shot Hit the Post.
19:43 of 1st period - Backhand shot by Alexander Wennberg.
19:43 of 1st period - Shot Blocked by Martin Havlat.
19:45 of 1st period - Slapshot by Brent Seabrook.
19:45 of 1st period - Stopped by Rick DiPietro without a rebound.
19:46 of 1st period - Cody Hodgson wins face-off versus Mark Scheifele in Blue Jackets zone.
19:46 of 1st period - Cody Hodgson is hit by Shayne Gostisbehere.
Goals for this period are 1 for Blue Jackets vs 1 for Lightning .
Shots for this period are 11 for Blue Jackets vs 17 for Lightning .
2nd period
0:01 of 2nd period - Mark Scheifele wins face-off versus Tyler Seguin in neutral zone.
0:36 of 2nd period - Rob Scuderi is hit by Kyle Clifford and loses puck.
1:08 of 2nd period - Rob Scuderi is hit by Sam Gagner and loses puck.
1:19 of 2nd period - Cody Hodgson is hit by Alex Killorn and loses puck.
1:40 of 2nd period - Snap shot by Cody Hodgson.
1:40 of 2nd period - Deflect By Max Pacioretty.
1:40 of 2nd period - Shot Blocked by Jesper Fast.
1:40 of 2nd period - Puck is out of play.
1:41 of 2nd period - Tyler Seguin wins face-off versus Sergei Shirokov in Lightning zone.
1:44 of 2nd period - Wrist shot by Artemi Panarin.
1:44 of 2nd period - Shot Blocked by Ondrej Palat.
1:46 of 2nd period - Slapshot by Mike Lundin.
1:46 of 2nd period - Deflect By Artemi Panarin.
1:46 of 2nd period - Stopped by Philipp Grubauer with a rebound.
1:48 of 2nd period - Snap shot by Devin Setoguchi.
1:48 of 2nd period - Stopped by Philipp Grubauer without a rebound.
1:49 of 2nd period - Stephen Weiss wins face-off versus Tyler Seguin in Lightning zone.
2:05 of 2nd period - Mike Lundin is hit by Ben Lovejoy.
2:19 of 2nd period - Slapshot by Artemi Panarin.
2:19 of 2nd period - Stopped by Philipp Grubauer without a rebound.
2:20 of 2nd period - Cody Hodgson wins face-off versus Mark Scheifele in Lightning zone.
2:27 of 2nd period - Snap shot by Max Pacioretty.
2:27 of 2nd period - Stopped by Philipp Grubauer without a rebound.
2:28 of 2nd period - Cody Hodgson wins face-off versus Mark Scheifele in Lightning zone.
2:37 of 2nd period - Cody Hodgson is hit by Justin Schultz and loses puck.
2:48 of 2nd period - Snap shot by Mark Scheifele.
2:48 of 2nd period - Deflect By Max Pacioretty.
2:48 of 2nd period - Shot Misses the Net.
2:48 of 2nd period - Puck is out of play.
2:49 of 2nd period - Tyler Seguin wins face-off versus Alexander Wennberg in Blue Jackets zone.
3:29 of 2nd period - Mike Lundin is hit by Mark Scheifele and loses puck.
3:50 of 2nd period - Wrist shot by Ondrej Palat.
3:50 of 2nd period - Stopped by Rick DiPietro with a rebound.
4:41 of 2nd period - Slapshot by Max Pacioretty.
4:41 of 2nd period - Shot Blocked by Brent Seabrook.
5:23 of 2nd period - Devin Setoguchi is hit by Brian Flynn and loses puck.
6:05 of 2nd period - Minor Penalty to Martin Havlat for Boarding.
6:06 of 2nd period - Tyler Seguin wins face-off versus Mark Scheifele in Blue Jackets zone.
6:18 of 2nd period - Minor Penalty to Tyler Seguin for Hooking.
6:19 of 2nd period - Mark Scheifele wins face-off versus Eric Wellwood in Blue Jackets zone.
6:30 of 2nd period - Snap shot by Kyle Clifford.
6:30 of 2nd period - Shot Misses the Net.
6:32 of 2nd period - Snap shot by Kyle Clifford.
6:32 of 2nd period - Shot Misses the Net.
6:44 of 2nd period - Mike Lundin is hit by Brent Seabrook and loses puck.
6:53 of 2nd period - Snap shot by Bobby Ryan.
6:53 of 2nd period - Shot Misses the Net.
6:55 of 2nd period - Wrist shot by Sam Gagner.
6:55 of 2nd period - Stopped by Rick DiPietro without a rebound.
6:56 of 2nd period - Mark Scheifele wins face-off versus Christian Hanson in Blue Jackets zone.
7:11 of 2nd period - Slapshot by Mark Scheifele.
7:11 of 2nd period - Stopped by Rick DiPietro with a rebound.
8:05 of 2nd period - Penalty to Martin Havlat is over, Martin Havlat is back on ice.
8:18 of 2nd period - Penalty to Tyler Seguin is over, Tyler Seguin is back on ice.
8:21 of 2nd period - Eric Wellwood is hit by Joni Pitkanen and loses puck.
8:53 of 2nd period - Snap shot by Cam Fowler.
8:53 of 2nd period - Shot Misses the Net.
8:55 of 2nd period - Slapshot by Cam Fowler.
8:55 of 2nd period - Shot Misses the Net.
8:57 of 2nd period - Wrist shot by Artemi Panarin.
8:57 of 2nd period - Shot Misses the Net.
9:27 of 2nd period - Alex Killorn is hit by Cody Hodgson and loses puck.
9:53 of 2nd period - Icing by Justin Schultz.
9:54 of 2nd period - Alexander Wennberg wins face-off versus Pavel Datsyuk in Lightning zone.
10:51 of 2nd period - Joni Pitkanen is hit by Devin Setoguchi and loses puck.
11:08 of 2nd period - Snap shot by Brian Flynn.
11:08 of 2nd period - Stopped by Rick DiPietro without a rebound.
11:09 of 2nd period - Tyler Seguin wins face-off versus Brian Flynn in Blue Jackets zone.
12:39 of 2nd period - Artemi Panarin is hit by Kyle Clifford and loses puck.
13:09 of 2nd period - Snap shot by Tyler Kennedy.
13:09 of 2nd period - Stopped by Philipp Grubauer with a rebound.
13:29 of 2nd period - Snap shot by Max Pacioretty.
13:29 of 2nd period - Goal by Max Pacioretty - Blue Jackets : 2 - Lightning : 1.
13:30 of 2nd period - Tyler Seguin wins face-off versus Mark Scheifele in neutral zone.
13:35 of 2nd period - Slapshot by Cam Fowler.
13:35 of 2nd period - Deflect By Kyle Clifford.
13:35 of 2nd period - Stopped by Philipp Grubauer without a rebound.
13:36 of 2nd period - Tyler Seguin wins face-off versus Mark Scheifele in Lightning zone.
13:39 of 2nd period - Snap shot by Tyler Seguin.
13:39 of 2nd period - Shot Blocked by Bobby Ryan.
13:45 of 2nd period - Snap shot by Bobby Ryan.
13:45 of 2nd period - Goal by Bobby Ryan - Blue Jackets : 2 - Lightning : 2.
13:46 of 2nd period - Tyler Seguin wins face-off versus Mark Scheifele in neutral zone.
13:49 of 2nd period - Wrist shot by Artemi Panarin.
13:49 of 2nd period - Stopped by Philipp Grubauer without a rebound.
13:50 of 2nd period - Mark Scheifele wins face-off versus Devin Setoguchi in Lightning zone.
14:01 of 2nd period - Justin Schultz is hit by Cam Fowler and loses puck.
14:22 of 2nd period - Slapshot by Brent Seabrook.
14:22 of 2nd period - Shot Blocked by Mike Lundin.
14:24 of 2nd period - Slapshot by Rickard Rakell.
14:24 of 2nd period - Deflect By Cody Hodgson.
14:24 of 2nd period - Shot Misses the Net.
14:24 of 2nd period - Puck is out of play.
14:25 of 2nd period - Mark Scheifele wins face-off versus Tyler Seguin in Blue Jackets zone.
14:26 of 2nd period - Snap shot by Bobby Ryan.
14:26 of 2nd period - Shot Blocked by Artemi Panarin.
15:03 of 2nd period - Icing by Rob Scuderi.
15:04 of 2nd period - Cody Hodgson wins face-off versus Mark Scheifele in Blue Jackets zone.
15:52 of 2nd period - Wrist shot by Devin Setoguchi.
15:52 of 2nd period - Shot Misses the Net.
15:54 of 2nd period - Snap shot by Devin Setoguchi.
15:54 of 2nd period - Shot Blocked by Shayne Gostisbehere.
15:56 of 2nd period - Slapshot by Devin Setoguchi.
15:56 of 2nd period - Stopped by Philipp Grubauer with a rebound.
15:58 of 2nd period - Slapshot by Devin Setoguchi.
15:58 of 2nd period - Shot Blocked by Joni Pitkanen.
16:59 of 2nd period - Snap shot by Alexander Wennberg.
16:59 of 2nd period - Stopped by Rick DiPietro with a rebound.
17:01 of 2nd period - Wrist shot by Ben Lovejoy.
17:01 of 2nd period - Stopped by Rick DiPietro with a rebound.
17:03 of 2nd period - Wrist shot by Rickard Rakell.
17:03 of 2nd period - Shot Blocked by Cam Fowler.
17:05 of 2nd period - Snap shot by Sam Gagner.
17:05 of 2nd period - Stopped by Rick DiPietro with a rebound.
17:07 of 2nd period - Slapshot by Rickard Rakell.
17:07 of 2nd period - Goal by Rickard Rakell - Blue Jackets : 2 - Lightning : 3.
17:08 of 2nd period - Tyler Seguin wins face-off versus Mark Scheifele in neutral zone.
17:15 of 2nd period - Wrist shot by Artemi Panarin.
17:15 of 2nd period - Shot Blocked by Mark Scheifele.
17:53 of 2nd period - Off-side.
17:54 of 2nd period - Cody Hodgson wins face-off versus Stephen Weiss in neutral zone.
17:57 of 2nd period - Snap shot by Cam Fowler.
17:57 of 2nd period - Deflect By Max Pacioretty.
17:57 of 2nd period - Stopped by Philipp Grubauer without a rebound.
17:58 of 2nd period - Cody Hodgson wins face-off versus Stephen Weiss in Lightning zone.
18:44 of 2nd period - Wrist shot by Max Pacioretty.
18:44 of 2nd period - Stopped by Philipp Grubauer without a rebound.
18:45 of 2nd period - Bobby Ryan wins face-off versus Tyler Seguin in Lightning zone.
19:16 of 2nd period - Rob Scuderi is hit by Jon Merrill.
19:44 of 2nd period - Snap shot by Brandon Bollig.
19:44 of 2nd period - Shot Misses the Net.
Goals for this period are 1 for Blue Jackets vs 2 for Lightning .
Shots for this period are 11 for Blue Jackets vs 9 for Lightning .
3rd period
0:01 of 3rd period - Mark Scheifele wins face-off versus Tyler Seguin in neutral zone.
0:58 of 3rd period - Snap shot by Brian Flynn.
0:58 of 3rd period - Stopped by Rick DiPietro with a rebound.
1:24 of 3rd period - Wrist shot by Ondrej Palat.
1:24 of 3rd period - Stopped by Rick DiPietro with a rebound.
1:40 of 3rd period - Snap shot by Kyle Clifford.
1:40 of 3rd period - Stopped by Rick DiPietro with a rebound.
1:42 of 3rd period - Snap shot by Kyle Clifford.
1:42 of 3rd period - Stopped by Rick DiPietro without a rebound.
1:43 of 3rd period - Tyler Seguin wins face-off versus Mark Scheifele in Blue Jackets zone.
1:43 of 3rd period - Tyler Seguin is hit by Bobby Ryan.
2:02 of 3rd period - Snap shot by Mark Scheifele.
2:02 of 3rd period - Shot Misses the Net.
2:04 of 3rd period - Backhand shot by Mark Scheifele.
2:04 of 3rd period - Shot Blocked by Cam Fowler.
2:06 of 3rd period - Snap shot by Joni Pitkanen.
2:06 of 3rd period - Deflect By Devin Setoguchi.
2:06 of 3rd period - Stopped by Rick DiPietro with a rebound.
2:14 of 3rd period - Snap shot by Mark Scheifele.
2:14 of 3rd period - Stopped by Rick DiPietro without a rebound.
2:15 of 3rd period - Alexander Wennberg wins face-off versus Pavel Datsyuk in Blue Jackets zone.
2:42 of 3rd period - Stephen Weiss is hit by Max Pacioretty and loses puck.
3:05 of 3rd period - Slapshot by Cam Fowler.
3:05 of 3rd period - Shot Misses the Net.
3:07 of 3rd period - Snap shot by Devin Setoguchi.
3:07 of 3rd period - Shot Misses the Net.
3:09 of 3rd period - Wrist shot by Ryan Wilson.
3:09 of 3rd period - Stopped by Philipp Grubauer without a rebound.
3:10 of 3rd period - Mark Scheifele wins face-off versus Tyler Seguin in Lightning zone.
3:10 of 3rd period - Mark Scheifele is hit by Devin Setoguchi.
3:15 of 3rd period - Off-side.
3:16 of 3rd period - Tyler Seguin wins face-off versus Mark Scheifele in neutral zone.
4:16 of 3rd period - Icing by Ben Lovejoy.
4:17 of 3rd period - Stephen Weiss wins face-off versus Tyler Seguin in Lightning zone.
4:45 of 3rd period - Slapshot by Mark Scheifele.
4:45 of 3rd period - Shot Misses the Net.
5:27 of 3rd period - Snap shot by Tyler Kennedy.
5:27 of 3rd period - Stopped by Philipp Grubauer without a rebound.
5:28 of 3rd period - Brian Flynn wins face-off versus Pavel Datsyuk in Lightning zone.
5:35 of 3rd period - Snap shot by Pavel Datsyuk.
5:35 of 3rd period - Shot Misses the Net.
5:45 of 3rd period - Wrist shot by Alex Killorn.
5:45 of 3rd period - Shot Blocked by Branislav Mezei.
5:47 of 3rd period - Wrist shot by Jesper Fast.
5:47 of 3rd period - Shot Blocked by Ryan Wilson.
6:15 of 3rd period - Wrist shot by Brian Flynn.
6:15 of 3rd period - Stopped by Rick DiPietro without a rebound.
6:16 of 3rd period - Tyler Seguin wins face-off versus Mark Scheifele in Blue Jackets zone.
6:21 of 3rd period - Shayne Gostisbehere is hit by Artemi Panarin and loses puck.
6:49 of 3rd period - Brent Seabrook is hit by Martin Havlat and loses puck.
7:13 of 3rd period - Minor Penalty to Brent Seabrook for Tripping.
7:14 of 3rd period - Tyler Seguin wins face-off versus Mark Scheifele in Lightning zone.
7:26 of 3rd period - Snap shot by Artemi Panarin.
7:26 of 3rd period - Stopped by Philipp Grubauer without a rebound.
7:27 of 3rd period - Mark Scheifele wins face-off versus Tyler Seguin in Lightning zone.
7:38 of 3rd period - Justin Schultz is hit by Tyler Seguin and loses puck.
9:13 of 3rd period - Penalty to Brent Seabrook is over, Brent Seabrook is back on ice.
9:23 of 3rd period - Tyler Kennedy is hit by Alex Killorn.
9:33 of 3rd period - Eric Wellwood is hit by Brian Flynn and loses puck.
9:43 of 3rd period - Minor Penalty to Stephen Weiss for Hooking.
9:44 of 3rd period - Mark Scheifele wins face-off versus Martin Havlat in Lightning zone.
10:00 of 3rd period - Wrist shot by Cody Hodgson.
10:00 of 3rd period - Shot Misses the Net.
10:16 of 3rd period - Wrist shot by Tyler Seguin.
10:16 of 3rd period - Stopped by Philipp Grubauer with a rebound.
11:43 of 3rd period - Penalty to Stephen Weiss is over, Stephen Weiss is back on ice.
11:59 of 3rd period - Slapshot by Brent Seabrook.
11:59 of 3rd period - Stopped by Rick DiPietro with a rebound.
12:13 of 3rd period - Alexander Wennberg is hit by Tyler Kennedy and loses puck.
12:20 of 3rd period - Slapshot by Joni Pitkanen.
12:20 of 3rd period - Shot Blocked by Branislav Mezei.
12:43 of 3rd period - Kyle Clifford is hit by Pavel Datsyuk and loses puck.
13:05 of 3rd period - Slapshot by Ben Lovejoy.
13:05 of 3rd period - Deflect By Max Pacioretty.
13:05 of 3rd period - Goal by Ben Lovejoy - Blue Jackets : 2 - Lightning : 4.
13:06 of 3rd period - Mark Scheifele wins face-off versus Tyler Seguin in neutral zone.
13:18 of 3rd period - Minor Penalty to Mike Lundin for Roughing.
13:19 of 3rd period - Tyler Seguin wins face-off versus Mark Scheifele in Blue Jackets zone.
14:42 of 3rd period - Slapshot by Cody Hodgson.
14:42 of 3rd period - Stopped by Philipp Grubauer with a rebound.
15:08 of 3rd period - Justin Schultz is hit by Eric Wellwood and loses puck.
15:18 of 3rd period - Penalty to Mike Lundin is over, Mike Lundin is back on ice.
15:42 of 3rd period - Dalton Prout is hit by Shayne Gostisbehere.
15:46 of 3rd period - Dalton Prout is hit by Shayne Gostisbehere and loses puck.
16:07 of 3rd period - Snap shot by Andreas Nodl.
16:07 of 3rd period - Stopped by Philipp Grubauer without a rebound.
16:08 of 3rd period - Mark Scheifele wins face-off versus Christian Hanson in Lightning zone.
16:27 of 3rd period - Wrist shot by Pavel Datsyuk.
16:27 of 3rd period - Stopped by Philipp Grubauer without a rebound.
16:28 of 3rd period - Pavel Datsyuk wins face-off versus Brian Flynn in Lightning zone.
16:29 of 3rd period - Snap shot by Tyler Kennedy.
16:29 of 3rd period - Shot Blocked by Justin Schultz.
16:31 of 3rd period - Snap shot by Tyler Kennedy.
16:31 of 3rd period - Shot Misses the Net.
16:33 of 3rd period - Wrist shot by Ryan Wilson.
16:33 of 3rd period - Shot Blocked by Brent Seabrook.
16:35 of 3rd period - Snap shot by Eric Wellwood.
16:35 of 3rd period - Deflect By Brian Flynn.
16:35 of 3rd period - Stopped by Philipp Grubauer with a rebound.
16:37 of 3rd period - Snap shot by Ryan Wilson.
16:37 of 3rd period - Shot Blocked by Jesper Fast.
17:02 of 3rd period - Slapshot by Martin Havlat.
17:02 of 3rd period - Stopped by Philipp Grubauer with a rebound.
17:36 of 3rd period - Snap shot by Jesper Fast.
17:36 of 3rd period - Shot Blocked by Ryan Wilson.
18:18 of 3rd period - Bobby Ryan is hit by Devin Setoguchi and loses puck.
19:07 of 3rd period - Snap shot by Eric Wellwood.
19:07 of 3rd period - Stopped by Philipp Grubauer with a rebound.
Goals for this period are 0 for Blue Jackets vs 1 for Lightning .
Shots for this period are 10 for Blue Jackets vs 9 for Lightning .